 Dungeon Crawl Stone Soup version 0.19-a0-1498-g0b85ae9 (webtiles) character file.

12786 rlgrobin the Carver (level 11, -9/81 HPs)
             Began as a High Elf Chaos Knight on Sept 10, 2016.
             Was a Priest of Makhleb.
             Mangled by a komodo dragon (13 damage)
             ... on level 1 of the Lair of Beasts.
             The game lasted 00:33:37 (12687 turns).

rlgrobin the Carver (High Elf Chaos Knight)        Turns: 12687, Time: 00:33:38

Health: -9/81      AC: 11    Str: 11 (14) XL:     11   Next: 67%
Magic:  13/13      EV: 19    Int: 19      God:    Makhleb [***...]
Gold:   291        SH: 12    Dex: 14 (18) Spells: 1 memorised, 9 levels left

rFire  . . .     SeeInvis .     a - +2 scimitar
rCold  . . .     Gourm    .     R - +3 leather armour
rNeg   . . .     Faith    .     l - +2 buckler
rPois  .         Spirit   .     M - +0 helmet {Int+3}
rElec  .         Dismiss  .     W - +1 cloak {MR+}
rCorr  .         Reflect  +     (no gloves)
MR     ++...     Harm     .     s - +0 pair of boots
Stlth  ++........               m - +5 amulet of reflection
                                z - +3 ring of protection
                                (no ring)

@: drained
A: repulsion field 1, thin skeletal structure 1, blurry vision 1, deformed body,
deterioration 2, high mp 1, mutation resistance 1
a: Minor Destruction, Lesser Servant of Makhleb, Renounce Religion


You were on level 1 of the Lair of Beasts.
You worshipped Makhleb.
Makhleb was most pleased with you.
You were not hungry.

You visited 4 branches of the dungeon, and saw 14 of its levels.

You collected 875 gold pieces.
You spent 584 gold pieces at shops.

Inventory:

Hand Weapons
 a - a +2 scimitar (weapon)
 b - a +1 falchion of chaos
 w - a +0 blowgun
 E - a +0 shortbow
Missiles
 i - 76 poisoned needles
 n - 163 arrows
 O - a throwing net (quivered)
Armour
 d - a +0 shield
 l - a +2 buckler (worn)
 s - a +0 pair of boots (worn)
 M - a +0 helmet of intelligence (worn)
 R - a +3 leather armour (worn)
 W - a +1 cloak of magic resistance (worn)
Magical Staves
 H - an uncursed staff of air
Jewellery
 f - an uncursed ring of protection from magic
 g - an uncursed ring of ice
 h - an uncursed amulet of the gourmand
 m - a +5 amulet of reflection (around neck)
 p - an uncursed amulet of guardian spirit
 z - a +3 ring of protection (right hand)
 G - an uncursed ring of protection from magic
 N - an uncursed ring of ice
 P - the ring "Waurch" {-Tele +Fly rC++ MP+9 Str+3}
   (You found it on level 8 of the Dungeon)

   [ring of flight]

   It affects your strength (+3).
   It greatly protects you from cold.
   It affects your magic capacity (+9).
   It lets you fly.
   It prevents most forms of teleportation.
Wands
 q - a wand of confusion (22/48)
 L - a wand of flame (25/48)
 T - a wand of teleportation (6/9)
Scrolls
 o - 2 scrolls of teleportation
 r - a scroll of fog
 x - 2 scrolls of enchant armour
 y - 2 scrolls of enchant weapon {god gift}
 I - a scroll of recharging
 Q - a scroll of magic mapping
Potions
 e - 3 potions of curing
 k - a potion of invisibility
 v - a potion of brilliance
 A - 2 potions of haste
 B - 2 potions of magic
 D - a potion of agility
 J - 2 potions of lignification {unknown}
 S - a potion of ambrosia {unknown}
 V - 2 potions of flight {unknown}
Comestibles
 c - 2 bread rations
 j - 2 meat rations
 t - 9 royal jellies
 C - 6 beef jerkies
 K - 3 fruits


   Skills:
 - Level 10.0(9.7) Fighting
 - Level 14.0(13.7) Long Blades
 - Level 4.3(4.1) Throwing
 - Level 0.8(0.6) Armour
 + Level 9.7(9.4) Dodging
 - Level 5.1(4.9) Shields


You had 9 spell levels left.
You knew the following spells:

 Your Spells              Type           Power        Failure   Level  Hunger
a - Apportation           Tloc           #.........   28%         1    ##.....


Dungeon Overview and Level Annotations

Branches:
Dungeon (10/15)            Temple (1/1) D:4            Lair (1/6) D:8
    Orc (2/2) D:10
    Elf: Orc:2

Altars:
Ashenzari
Cheibriados
Dithmenos
Elyvilon
Fedhas
Gozag
Hepliaklqana
Kikubaaqudgha
Makhleb
Nemelex Xobeh
Okawaru
Qazlal
Ru
Sif Muna
Trog
Uskayaw
Vehumet
Xom
Yredelemnul
Zin
The Shining One

Shops:
D:6 ?[%%=   D:9 *[?(   Orc:2 %

Annotations:
D:6 exclusions: 3 electric eels and 2 more exclusions
Abyss:1 Ijyb


Innate Abilities, Weirdness & Mutations

You are surrounded by a mild repulsion field. (EV +2)
You have a somewhat thin skeletal structure. (Dex +2, Stealth)
Scrolls take you a little longer to read.
Armour fits poorly on your strangely shaped body.
Your body often deteriorates upon taking damage.
You have an increased reservoir of magic. (+10% MP)
You are somewhat resistant to further mutation.


Message History

Okay, then.
Unknown command.
Unknown command.
Take off which item? (? for menu, Esc to quit)
Okay, then.
Remove which piece of jewellery? (? for menu, Esc to quit)
You remove the ring "Waurch" {-Tele +Fly rC++ MP+9 Str+3}.
The komodo dragon barely misses you.
You riposte.
You slash the komodo dragon!
The komodo dragon is moderately wounded.
Really read with blurry vision while enemies are nearby? [Y]es or [N]o only, please.
Really read with blurry vision while enemies are nearby?
You begin reading the scroll.
You continue reading the scroll.
The komodo dragon bites you!!
* * * LOW HITPOINT WARNING * * *
As you read the scroll of teleportation, it crumbles to dust.
You feel strangely unstable.
Your surroundings seem slightly different.
The komodo dragon bites you!
You die...

#..? .+...### ## #....
..#....##
...##....##.......###.
........#..............
#...⌠....##..!#........
#.......#.....#..$.....
..⌠...⌠.#.#...#.##.....
.........#.l.#.>.......
#...⌠...#§.†@...##...##
.......††#.†#.### .##
..##....##(#### #
#.##...##...## ..
#...##....[...
#.....#..........##
.......#....P.....#
......?#.†.##...###
#..#...#†.†.#...#


You could see a komodo dragon.

Vanquished Creatures
  Fannar (D:10)
  An orange crystal statue (D:8)
  A deep elf mage (D:9)
  3 orc sorcerers
  Maurice (D:10)
  3 trolls
  A two-headed ogre (D:8)
  Grinder (D:5)
  A wyvern (D:8)
  2 hill giant zombies (D:10)
  5 hungry ghosts
  6 yaks
  Menkaure (D:7)
  2 wargs
  Duvessa (D:4)
  A porcupine (Lair:1)
  2 sky beasts
  3 wasps (D:10)
  2 phantoms (D:10)
  An eye of draining (D:9)
  4 ice beasts
  5 orc warriors
  8 ogres
  2 centaurs
  3 big kobolds
  A gnoll sergeant (Orc:2)
  A wyvern zombie (D:9)
  3 giant frogs
  3 troll zombies (D:10)
  2 scorpions
  8 wights (D:9)
  17 killer bees
  2 howler monkeys
  An electric eel (D:6)
  5 crimson imps
  A giant frog zombie (D:5)
  A centaur zombie (D:8)
  4 jellies
  2 giant frog skeletons (D:5)
  7 hounds
  7 orc priests
  3 centaur skeletons
  A gnoll shaman (Orc:1)
  10 orc wizards
  2 iguanas
  10 worker ants
  An ogre zombie (D:10)
  Robin (D:3)
  A worker ant zombie (D:5)
  9 gnolls
  10 adders
  14 river rats
  A howler monkey skeleton (D:8)
  An ooze (D:7)
  An adder zombie (D:5)
  2 worms
  3 dart slugs
  6 giant geckos
  39 orcs
  5 bats
  6 giant cockroaches
  2 gnoll zombies (D:7)
  19 goblins
  15 hobgoblins
  25 jackals
  21 kobolds
  A quokka (D:9)
  2 ball pythons (D:6)
  A giant gecko skeleton (D:6)
  6 giant newts
  2 goblin skeletons (D:10)
  3 goblin zombies (D:10)
  3 hobgoblin skeletons (D:10)
  A hobgoblin zombie (D:10)
  An orc skeleton (D:10)
  9 orc zombies (D:10)
  A quokka zombie (D:5)
  13 rats
  A fungus (D:8)
378 creatures vanquished.

Vanquished Creatures (others)
  A wight (D:9)
  An orc wizard (D:4)
  A bat (D:2)
  A jackal (D:2)
4 creatures vanquished.

Grand Total: 382 creatures vanquished

Notes
Turn   | Place    | Note
-------+----------+-------------------------------------------
     0 | D:1      | rlgrobin the High Elf Chaos Knight began the quest for the Orb.
     0 | D:1      | Reached XP level 1. HP: 16/16 MP: 2/2
    87 | D:1      | XOM: silly message
   104 | D:1      | XOM: summons 1 hostile shadow creature
   157 | D:1      | Reached skill level 4 in Long Blades
   354 | D:1      | XOM: 7-stop teleportation journey
   361 | D:1      | Reached XP level 2. HP: 16/21 MP: 3/3
   584 | D:1      | XOM: stat loss: -1 Int (14/15)
   874 | D:1      | Reached skill level 5 in Long Blades
  1133 | D:1      | Reached XP level 3. HP: 26/26 MP: 4/4
  1198 | D:1      | XOM: mild Tloc miscast
  1270 | D:1      | XOM: summons 3 hostile shadow creatures
  1325 | D:2      | XOM: 5-stop teleportation journey
  1440 | D:2      | XOM: 1-stop teleportation journey
  1557 | D:2      | XOM: polymorph rat -> river rat
  1558 | D:2      | Reached skill level 6 in Long Blades
  1558 | D:2      | Reached XP level 4. HP: 31/31 MP: 5/5
  1651 | D:2      | Found a stormy altar of Qazlal.
  1698 | D:2      | XOM: destruction
  1891 | D:2      | Identified Xom's Collected Works on Shifting Dislocation {god gift} (Xom gifted it to you on level 2 of the Dungeon)
  1891 | D:2      | XOM: god gift: Xom's Collected Works on Shifting Dislocation {god gift}
  2101 | D:3      | Noticed Robin
  2121 | D:3      | Reached XP level 5. HP: 36/36 MP: 6/6
  2128 | D:3      | Reached skill level 7 in Long Blades
  2153 | D:3      | Killed Robin
  2184 | D:3      | Noticed Ijyb
  2189 | D:3      | XOM: silly message
  2282 | D:3      | XOM: divination: magic mapping
  2376 | D:3      | XOM: harmless Tmut miscast
  2413 | D:3      | Found a hazy altar of Hepliaklqana.
  2544 | D:3      | XOM: noise
  2616 | D:3      | Banished Ijyb
  2726 | D:3      | Found a deep blue altar of Sif Muna.
  2752 | D:3      | XOM: silly message
  2800 | D:3      | Reached skill level 8 in Long Blades
  2829 | D:4      | Noticed Duvessa
  2830 | D:4      | XOM: harmless Erth miscast
  2853 | D:4      | XOM: medium Fire miscast
  3010 | D:3      | XOM: severe Necr miscast
  3011 | D:3      | Noticed a reaper
  3011 | D:3      | HP: 1/36 [reaper/scythe of slicing[the severe capriciousness of Xom] (6)]
  3019 | D:4      | XOM: enchant monster (good)
  3021 | D:4      | Found a staircase to the Ecumenical Temple.
  3035 | Temple   | Entered the Ecumenical Temple
  3335 | D:4      | XOM: god gift: scroll of enchant weapon {god gift}
  3355 | D:4      | Reached skill level 1 in Shields
  3355 | D:4      | Reached XP level 6. HP: 42/42 MP: 7/7
  3608 | D:4      | Killed Duvessa
  3657 | D:4      | Reached XP level 7. HP: 35/46 MP: 8/8
  3813 | D:4      | XOM: give mutations
  3813 | D:4      | Gained mutation: Your mind is acute. (Int +2) [Xom's mischief]
  3813 | D:4      | Gained mutation: Scrolls take you a little longer to read. [Xom's mischief]
  3848 | D:4      | XOM: cloud trail
  4164 | D:4      | XOM: summons 2 hostile demons
  4178 | D:4      | XOM: give mutations
  4178 | D:4      | Gained mutation: You have an increased reservoir of magic. (+10% MP) [Xom's grace]
  4178 | D:4      | Gained mutation: You have a somewhat thin skeletal structure. (Dex +2, Stealth) [Xom's grace]
  4178 | D:4      | Gained mutation: You have sharp toenails. [Xom's grace]
  4194 | D:5      | Entered Level 5 of the Dungeon
  4220 | D:5      | Found a snail-covered altar of Cheibriados.
  4270 | D:5      | XOM: medium Ice miscast
  4295 | D:5      | XOM: medium Summ miscast
  4296 | D:5      | Noticed a small abomination
  4401 | D:5      | Noticed Grinder
  4448 | D:5      | Reached skill level 5 in Shields
  4479 | D:5      | Found a shadowy altar of Dithmenos.
  4481 | D:5      | XOM: confusion (+ monsters)
  4500 | D:5      | Killed Grinder
  4527 | D:5      | Found an opulent altar of Gozag.
  4662 | D:5      | Reached XP level 8. HP: 38/54 MP: 9/9
  4733 | D:5      | XOM: give mutations
  4733 | D:5      | Lost mutation: Your mind is acute. (Int +2) [Xom's mischief]
  4733 | D:5      | Gained mutation: You are clumsy. (Dex -2) [Xom's mischief]
  4796 | D:5      | Reached skill level 9 in Long Blades
  4849 | D:5      | XOM: give mutations
  4849 | D:5      | Lost mutation: You have sharp toenails. [Xom's mischief]
  4849 | D:5      | Lost mutation: You are clumsy. (Dex -2) [Xom's mischief]
  4859 | D:5      | XOM: divination: detect items
  5025 | D:6      | Found Sat Ifir's Magic Scroll Boutique.
  5057 | D:6      | Bought a scroll of identify for 20 gold pieces
  5057 | D:6      | Bought a scroll of teleportation for 30 gold pieces
  5057 | D:6      | Bought a scroll of identify for 20 gold pieces
  5057 | D:6      | Bought a scroll of identify for 20 gold pieces
  5057 | D:6      | Bought a scroll of identify for 20 gold pieces
  5069 | D:6      | XOM: god gift: falchion {god gift}
  5243 | D:6      | Found Ufoul's Food Shop.
  5268 | D:6      | Found Manakh's Jewellery Emporium.
  5339 | D:6      | Reached skill level 5 in Fighting
  5457 | D:6      | XOM: smoke on damage
  5651 | D:6      | Bought a +3 ring of protection for 231 gold pieces
  5685 | D:6      | Found Foseroo's Food Emporium.
  5725 | D:6      | Found Affisme's Antique Armour Emporium.
  5810 | D:6      | Reached skill level 10 in Long Blades
  6015 | D:7      | XOM: noise
  6067 | D:7      | XOM: confuse monster(s)
  6170 | D:7      | XOM: give mutations
  6170 | D:7      | Gained mutation: You are somewhat resistant to further mutation. [Xom's grace]
  6170 | D:7      | Gained mutation: You are partially covered in iridescent scales. (AC +2) [Xom's grace]
  6206 | D:7      | Reached XP level 9. HP: 63/63 MP: 10/10
  6411 | D:7      | Found a sparkling altar of Nemelex Xobeh.
  6564 | D:7      | Found a basalt altar of Yredelemnul.
  6579 | D:7      | XOM: scenery: create altars
  6718 | D:7      | Noticed Menkaure
  6726 | D:7      | Killed Menkaure
  6726 | D:7      | Reached skill level 11 in Long Blades
  6740 | D:7      | XOM: god gift: robe {god gift}
  6892 | D:7      | Found a shimmering altar of Xom.
  7215 | D:8      | XOM: cleaving
  7313 | D:8      | Found a blossoming altar of Fedhas.
  7341 | D:8      | XOM: scenery: create altars
  7405 | D:8      | Found a staircase to the Lair.
  7410 | D:8      | Found a radiant altar of Vehumet.
  7411 | D:8      | Found a bloodstained altar of Trog.
  7429 | D:8      | Found a burning altar of Makhleb.
  7429 | D:8      | Noticed a green death
  7470 | D:8      | Reached skill level 12 in Long Blades
  7495 | D:8      | XOM: confusion (+ monsters)
  7670 | D:8      | XOM: cleaving
  7673 | D:8      | Reached skill level 1 in Throwing
  7687 | D:8      | XOM: summons 2 friendly demons
  7740 | D:8      | Noticed an orange crystal statue
  7745 | D:8      | Got a warped wooden ring
  7747 | D:8      | XOM: potion effect (haste)
  7751 | D:8      | XOM: divine lightning (protected)
  7792 | D:8      | Killed an orange crystal statue
  7796 | D:8      | Identified the ring "Waurch" {-Tele +Fly rC++ MP+9 Str+3} (You found it on level 8 of the Dungeon)
  7820 | D:8      | XOM: cast spell 'Necromutation'
  7882 | D:8      | XOM: harmless Tloc miscast
  7957 | D:8      | XOM: harmless Summ miscast
  8045 | D:8      | XOM: harmless Necr miscast
  8086 | D:8      | Reached XP level 10. HP: 72/72 MP: 12/12
  8093 | D:8      | XOM: god gift: meat ration {god gift}
  8192 | D:9      | Found Bainabox's Armour Boutique.
  8207 | D:9      | XOM: mild Summ miscast
  8270 | D:9      | Found Iziamoboqa's Assorted Antiques.
  8290 | D:9      | Bought a scroll labeled SOKESM CIXKODGH for 26 gold pieces
  8344 | D:9      | XOM: fog
  8457 | D:9      | XOM: destruction
  8472 | D:9      | Reached skill level 13 in Long Blades
  8473 | D:9      | Noticed a deep elf mage
  8488 | D:9      | XOM: enchant monster (bad)
  8489 | D:9      | XOM: summons friendly white imp
  8495 | D:9      | XOM: confuse monster(s)
  8497 | D:9      | Killed a deep elf mage
  8530 | D:9      | XOM: fog
  8589 | D:9      | XOM: give mutation
  8589 | D:9      | Lost mutation: You are partially covered in iridescent scales. (AC +2) [Xom's mischief]
  8838 | D:6      | Bought a shiny scale mail for 88 gold pieces
  8872 | D:6      | Bought a scroll of remove curse for 30 gold pieces
  8962 | D:7      | XOM: scenery: 1 doors close
  9015 | D:8      | Fell from the grace of Xom
  9015 | D:8      | Became a worshipper of Makhleb the Destroyer
  9119 | D:9      | Found Zahuf's Magic Scroll Emporium.
  9235 | D:9      | Found Keexeumn's Weapon Emporium.
  9639 | D:9      | XOM: give mutations
  9639 | D:9      | Gained mutation: Your body sometimes deteriorates upon taking damage. [Xom's mischief]
  9639 | D:9      | Gained mutation: Your body often deteriorates upon taking damage. [Xom's mischief]
  9639 | D:9      | Gained mutation: You are clumsy. (Dex -2) [Xom's mischief]
  9660 | D:10     | Entered Level 10 of the Dungeon
  9889 | D:10     | Reached * piety under Makhleb
 10234 | D:10     | Reached skill level 10 in Fighting
 10234 | D:10     | Reached skill level 14 in Long Blades
 10275 | D:10     | Found a staircase to the Orcish Mines.
 10360 | D:10     | Noticed Maurice
 10389 | D:10     | Killed Maurice
 10389 | D:10     | Reached XP level 11. HP: 81/81 MP: 13/13
 10771 | D:10     | Learned a level 1 spell: Apportation
 10967 | D:10     | Reached skill level 5 in Dodging
 11123 | D:6      | Bought a glowing helmet for 99 gold pieces
 11273 | Orc:1    | Entered Level 1 of the Orcish Mines
 11273 | Orc:1    | Noticed Fannar
 11277 | Orc:1    | Noticed an orc sorcerer
 11318 | D:10     | Killed Fannar
 11515 | Orc:1    | Killed an orc sorcerer
 11515 | Orc:1    | Reached ** piety under Makhleb
 11707 | Orc:2    | Entered Level 2 of the Orcish Mines
 11894 | Orc:2    | Noticed an orc sorcerer
 11900 | Orc:2    | Killed an orc sorcerer
 11960 | Orc:2    | Noticed an orc sorcerer
 11978 | Orc:2    | Killed an orc sorcerer
 12089 | Orc:2    | XOM: mild Ice miscast
 12105 | Orc:2    | XOM: give mutations
 12105 | Orc:2    | Gained mutation: Armour fits poorly on your strangely shaped body. [Xom's mischief]
 12105 | Orc:2    | Lost mutation: Armour fits poorly on your strangely shaped body. [Xom's mischief]
 12105 | Orc:2    | Lost mutation: You have a somewhat thin skeletal structure. (Dex +2, Stealth) [Xom's mischief]
 12177 | Orc:2    | Noticed a soul eater
 12201 | Orc:2    | Found Deiverou's Food Emporium.
 12507 | D:10     | XOM: give mutations
 12507 | D:10     | Gained mutation: You have a somewhat thin skeletal structure. (Dex +2, Stealth) [Xom's mischief]
 12507 | D:10     | Lost mutation: You are clumsy. (Dex -2) [Xom's mischief]
 12507 | D:10     | Gained mutation: Armour fits poorly on your strangely shaped body. [Xom's mischief]
 12507 | D:10     | Gained mutation: You are surrounded by a mild repulsion field. (EV +2) [Xom's mischief]
 12552 | Lair:1   | Entered Level 1 of the Lair of Beasts
 12622 | Lair:1   | Reached *** piety under Makhleb
 12682 | Lair:1   | HP: 2/81 [komodo dragon (19)]
 12687 | Lair:1   | Mangled by a komodo dragon

Vault maps used:
D:1:      evilmike_arrival_hilbert_curve
D:2:      lemuel_doored_altar, first_bread, minmay_pentomino_p4
D:3:      lemuel_coloured_pillars_altar, lemuel_blue_sif_altar, uniq_iyjb,
          uniq_robin
D:4:      minmay_goblin_outpost, uniq_duvessa
D:5:      kennysheep_spiral_hall, kennysheep_mini, basic_altar,
          nicolae_dithmenos_through_a_glass_darkly, uniq_grinder
D:6:      wad_lake_hut, serial_shops, shop_scrolls, kennysheep_mini_moat,
          nicolae_shop_waterfront, kennysheep_little_box, shop,
          minmay_checkerbox
D:7:      lemuel_zombie_altar_yredelemnul, nemelex_xobeh_ov_fountains_minmay,
          marbit_many_paths, serial_glass, glass_columns_c, glass_columns_b,
          uniq_menkaure
D:8:      minmay_statue_hallways, makhleb_altar_promises_db,
          overflow_temple_1_default, gammafunk_temple_overflow_statue,
          dpeg_oklobed_lair, st_stairs_14
D:9:      serial_shops, nicolae_shop_trees, shop, shop, shop
D:10:     zombieorc1_lemuel, hangedman_pestilent_swarm, uniq_maurice
Temple:   zaba_magenta_temple
Lair:1:   minmay_lair_oklob_chamber, grunt_megastairs_4, uniq_sonja
Orc:1:    uniq_fannar
Orc:2:    pf_orc_diabolical

Skill      XL: |  1  2  3  4  5  6  7  8  9 10 11 |
---------------+----------------------------------+-----
Long Blades    | 4 5 6 8 10 12 14 | 14.0
Shields        | 1 3 5 |  5.1
Fighting       | 4 6 7 10 | 10.0
Throwing       | 3 4 |  4.3
Dodging        | 3 9 |  9.7
Armour         | |  0.8

Action                   |  1- 3 |  4- 6 |  7- 9 | 10-12 || total
-------------------------+-------+-------+-------+-------++-------
Melee: Falchion          |   132 |   252 |   609 |   144 ||  1137
       Scimitar          |       |       |       |   674 ||   674
 Fire: Blowgun           |       |       |     5 |     4 ||     9
Throw: Tomahawk          |       |       |       |     2 ||     2
Evoke: Wand              |       |       |       |     4 ||     4
  Use: Scroll            |     2 |     7 |    12 |     7 ||    28
       Potion            |       |     2 |       |     5 ||     7
 Stab: Petrifying        |     1 |       |     7 |     1 ||     9
       Confused          |       |     1 |     4 |       ||     5
       Petrified         |       |       |     3 |     2 ||     5
       Sleeping          |       |       |     6 |     1 ||     7
       Paralysed         |       |       |     4 |    12 ||    16
       Distracted        |       |       |     1 |     2 ||     3
  Eat: Chunk             |     6 |     5 |    11 |     1 ||    23
       Pizza             |       |       |     2 |       ||     2
       Bread ration      |       |       |     1 |     3 ||     4
       Fruit             |       |       |     1 |       ||     1
       Beef jerky        |       |       |     1 |       ||     1
       Meat ration       |       |       |       |     3 ||     3
Armor: Leather armour    |    46 |    61 |   143 |   147 ||   397
Dodge: Dodged            |    74 |   111 |   165 |   250 ||   600
Block: Buckler           |       |    22 |   115 |   284 ||   421
       Reflection        |       |       |       |     4 ||     4
